 Dungeon Crawl Stone Soup version 0.29-a0-824-gd827844252 (webtiles) character file.

Game seed: 1663300114436916882

634 Demosthentine the Poker (level 7, -1/55 HPs)
             Began as a Merfolk Gladiator on July 11, 2022.
             Slain by an orc
             ... wielding a +0 mace
              (7 damage)
             ... on level 4 of the Dungeon.
             The game lasted 00:04:44 (5732 turns).

Demosthentine the Poker (Merfolk Gladiator)         Turns: 5732, Time: 00:04:45

Health: -1/55      AC:  4    Str: 17    XL:     7   Next: 49%
Magic:  7/7        EV: 16    Int:  7    God:
Gold:   121        SH:  0    Dex: 21    Spells: 6/6 levels left

rFire   . . .      SeeInvis .   a - +1 trident
rCold   . . .      Faith    .   (no shield)
rNeg    . . .      Spirit   .   b - +0 leather armour
rPois   .          Reflect  .   c - +0 helmet
rElec   .          Harm     .   (no cloak)
rCorr   .          Rampage  .   (no gloves)
Will    .....                   (no boots)
Stlth   +.........              (no amulet)
HPRegen 0.18/turn               o - +6 ring of dexterity
MPRegen 0.10/turn               (no ring)

@: confused
A: (nimble swimmer 2), mertail
a: no special abilities


You were on level 4 of the Dungeon.
You visited 1 branch of the dungeon, and saw 4 of its levels.
You also visited: Sewer.

You collected 121 gold pieces.

Inventory:

Hand Weapons
 a - a +1 trident (weapon)
Missiles
 d - 3 throwing nets (quivered)
 e - a javelin
Armour
 b - a +0 leather armour (worn)
 c - a +0 helmet (worn)
 j - a +0 buckler
Jewellery
 o - a +6 ring of dexterity (left hand)
Wands
 t - a wand of mindburst (18)
Scrolls
 g - a scroll of fog
 h - 2 scrolls of enchant weapon
 m - a scroll of fear
 s - a scroll of teleportation
Potions
 f - a potion of ambrosia {unknown}
 i - a potion of brilliance
 k - 2 potions of magic
 l - a potion of haste {unknown}
 p - 2 potions of mutation {unknown}
 q - a potion of resistance {unknown}
 r - a potion of invisibility {unknown}


   Skills:
 + Level 4.3 Fighting
 + Level 6.2 Polearms
 - Level 2.0 Throwing
 + Level 2.4 Armour
 + Level 6.1 Dodging
 + Level 2.9 Shields


You had 6 spell levels left.
You didn't know any spells.
Your spell library contained the following spells:

 Spells                   Type           Power      Damage    Failure   Level
 Apportation              Tloc           0%         N/A       50%         1
 Freeze                   Ice            0%         1d3       50%         1
 Necrotise                Necr           0%         1d4       50%         1
 Summon Small Mammal      Summ           0%         N/A       50%         1
 Frozen Ramparts          Ice            0%         1d2       86%         3
 Hailstorm                Conj/Ice       0%         3d3       99%         4
 Olgreb's Toxic Radiance  Pois           0%         N/A       99%         4
 Ozocubu's Refrigeration  Ice            0%         4d5       100%        7
 Ignition                 Fire           0%         3d3       100%        8


Dungeon Overview and Level Annotations

Branches:
Dungeon (4/15)              Sewer (visited)
 Temple: D:4-7

Altars:


Innate Abilities, Weirdness & Mutations

((You are very nimble when in or above water. (Stealth+, EV+, Speed+++)))
Your lower body shifts to a powerful aquatic tail in water.


Message History

Something hits you but does no damage.
Unknown command.
The phantom attacks as you move away! The phantom completely misses you.
The orc attacks as you move away! The orc misses you.
An orc wizard appears from thin air!
Reactivating autopickup.
The orc wizard hits you with a +0 dagger.
* * * LOW HITPOINT WARNING * * *
Unknown command.
You bump into the rock wall.
The orc closely misses you. The orc wizard closely misses you.
You hit the orc.
The orc is moderately wounded.
The orc hits you with a +0 hand axe.
* * * LOW HITPOINT WARNING * * *
The orc hits you but does no damage.
The orc throws a boomerang.
The boomerang hits you but does no damage.
Unknown command.
You barely miss the orc.
The orc is lightly wounded.
The orc misses you. The orc hits you with a +0 mace.
* * * LOW HITPOINT WARNING * * *
The orc completely misses you. The orc wizard casts a spell at you.
You are more confused.
The orc wizard hits you but does no damage.
Unknown command.
The orc attacks as you move away! The orc closely misses you.
Unknown command.
You hit the orc but do no damage. The orc closely misses you.
The orc hits you but does no damage.
Unknown command.
Unknown command.
The orc attacks as you move away! The orc hits you but does no damage.
The orc attacks as you move away! The orc closely misses you.
Unknown command.
You bump into the rock wall.
The orc hits you with a +0 hand axe.
* * * LOW HITPOINT WARNING * * *
The orc hits you with a +0 mace!
You die...

..#........##.#.##..#....
.
..#..............#........
.##)....#........#...... .
......###............###
......#................#
....###.......W.###.##..
)....##.......o## .#
..............oo## #
..##..........oo@#
.###....).......##
##.....)........#
##.........#>#... .
.......#...######...
.....###............
....................
...........##..###..
..........## #.#


You could see a phantom, an orc wizard and 4 orcs.

Vanquished Creatures
  2 kobold brigands (Sewer)
  A lemure (D:4)
  The ghost of valliere the Cudgeller, a weakling DsMo (D:3)
  An orc priest (D:4)
  A hound (D:4)
  Jessica (D:2)
  2 orc wizards
  7 adders
  13 river rats
  2 worms (D:3)
  9 orcs
  12 ball pythons
  8 endoplasms
  5 giant cockroaches
  5 hobgoblins
  3 jackals (D:1)
  20 kobolds
  3 quokkas
  4 bats
  3 frilled lizards
  6 goblins
  29 rats
138 creatures vanquished.

Vanquished Creatures (others)
  2 withered plants (D:3)
2 creatures vanquished.

Grand Total: 140 creatures vanquished

Notes
Turn   | Place    | Note
-------+----------+-------------------------------------------
     0 | D:1      | Demosthentine the Merfolk Gladiator began the quest for the
                  | Orb.
     0 | D:1      | Reached XP level 1. HP: 16/16 MP: 1/1
   116 | D:1      | Reached XP level 2. HP: 17/23 MP: 2/2
   705 | D:1      | Reached XP level 3. HP: 28/28 MP: 3/3
  1396 | D:2      | Noticed Jessica
  1404 | D:2      | Reached skill level 1 in Armour
  1404 | D:2      | Killed Jessica
  1405 | D:2      | Reached skill level 1 in Shields
  1405 | D:2      | Reached XP level 4. HP: 17/35 MP: 4/4
  1960 | D:3      | Found a glowing drain.
  2205 | Sewer    | Entered a sewer
  2320 | Sewer    | Reached XP level 5. HP: 4/41 MP: 5/5
  2653 | Sewer    | Reached skill level 5 in Polearms
  2658 | Sewer    | Reached skill level 5 in Dodging
  3397 | Sewer    | Identified the +8 scale mail "Cimaj" {rN+ rCorr SInv}
  3518 | Sewer    | Reached XP level 6. HP: 47/47 MP: 6/6
  4521 | D:3      | Reached XP level 7. HP: 54/54 MP: 7/7
  4799 | D:3      | Found a runed translucent door.
  4800 | D:3      | Noticed valliere's ghost (weakling DsMo)
  5253 | D:3      | Killed valliere's ghost
  5732 | D:4      | Slain by an orc

Illustrated notes

Levels and vault maps discovered:
D:1:      ncdulo_watergridlock, layout_rooms
D:2:      layout_basic, uniq_jessica
D:3:      layout_basic, cheibrodos_sewer_entry_sluice, gammafunk_ghost_grave,
          saegor_snake_ambush
D:4:      layout_cave_pools, uniq_pikel

Skill      XL: |  1  2  3  4  5  6  7 |
---------------+----------------------+-----
Armour         | 1 2 |  2.4
Fighting       | 3 4 |  4.3
Shields        | 1 2 |  2.9
Polearms       | 5 6 |  6.2
Dodging        | 5 6 |  6.1
Throwing       | |  2.0

Action                   |  1- 3 |  4- 6 |  7- 9 || total
-------------------------+-------+-------+-------++-------
Melee: Trident           |   108 |   241 |   153 ||   502
       Punch             |       |     4 |     1 ||     5
       Tailslap          |       |     8 |       ||     8
  Use: Scroll            |     2 |     8 |     2 ||    12
       Potion            |       |     1 |     5 ||     6
 Stab: Sleeping          |     2 |     3 |     3 ||     8
       Distracted        |       |     1 |       ||     1
Armor: Leather armour    |    24 |    30 |    40 ||    94
Dodge: Dodged            |    61 |   189 |    96 ||   346

Table legend: (Time is in decaauts)
 A = Elapsed time spent in this place.
 B = Non-inter-level travel time spent in this place.
 C = Inter-level travel time spent in this place.
 D = Time resting spent in this place.
 E = Time spent auto-exploring this place.
 F = Levels seen in this place.
 G = Mean time per level.
                   A        B        C        D        E       F      G
               +--------+--------+--------+--------+--------+-----+--------+
         Total |   5649 |   5587 |     62 |   1059 |   3543 |   5 | 1129.8 |
       Dungeon |   3557 |   3495 |     62 |    325 |   2516 |   4 |  889.2 |
         Sewer |   2092 |   2092 |      0 |    734 |   1027 |   1 | 2092.0 |
               +--------+--------+--------+--------+--------+-----+--------+

Top non-repeatable levels by time:
   Sewer: 2092 daAuts
     D:3: 1283 daAuts
     D:2: 1080 daAuts
     D:1: 877 daAuts
     D:4: 315 daAuts
